 Dungeon Crawl Stone Soup version 0.30.1-11-g7821555f0a (webtiles) character file.

Game seed: 13304953617019186421

282106 VictoriousLee the Severer (level 21, 0/177 HPs)
             Began as a Formicid Fighter on Dec 27, 2023.
             Was the Champion of Wu Jian.
             Hit by a large rock thrown by a stone giant (16 damage)
             ... on level 2 of the Depths on Dec 30, 2023.
             The game lasted 03:58:45 (32549 turns).

VictoriousLee the Severer (Formicid Fighter)       Turns: 32549, Time: 03:58:46

Health: 0/177      AC: 24    Str: 33    XL:     21   Next: 39%
Magic:  35/35      EV:  9    Int:  7    God:    Wu Jian [******]
Gold:   641        SH: 17    Dex: 13    Spells: 31/40 levels left

rFire   . . .        B - +4 executioner's axe (flame)
rCold   + + .        F - +5 Storm Queen's Shield {shock, Fly rElec}
rNeg    . . .        T - +7 Kryia's mail coat {PotionHeal*2 rC+}
rPois   +            (helmet unavailable)
rElec   +            l - +0 cloak
rCorr   .            V - +2 pair of gloves
SInv    +            m - +2 pair of boots
Will    ++...        v - amulet of regeneration Stlth
                     z - ring of protection from cold
HPRegen 1.29/turn    L - ring of poison resistance
MPRegen 0.24/turn

%: no passive effects
@: flayed, flying
A: permanent stasis, dig shafts and tunnels, antennae 3, four strong arms
}: 2/15 runes: serpentine, barnacled
a: Dig, Shaft Self, Renounce Religion, Wall Jump, Serpent's Lash, Heavenly Storm


You were on level 2 of the Depths.
You worshipped Wu Jian.
Wu Jian was exalted by your worship.
You visited 8 branches of the dungeon, and saw 35 of its levels.

You collected 4590 gold pieces.
You spent 3949 gold pieces at shops.

Inventory:

Hand Weapons
 a - the +7 battleaxe "Vesch" {holy, rF+++ rC- Will- Int+5}
   (You acquired it on level 3 of the Shoals)

   Int:       It affects your intelligence (+5).
   rF:        It renders you almost immune to fire.
   rC:        It makes you vulnerable to cold.
   Will:      It decreases your willpower.
 b - the +12 lance "Wyrmbane" {slay drac, rPois rF+ rC+ AC+3}
   (You bought it in a shop on level 2 of the Orcish Mines)

   AC:        It affects your AC (+3).
   rF:        It protects you from fire.
   rC:        It protects you from cold.
   rPois:     It protects you from poison.
 B - a +4 executioner's axe of flaming (weapon)
 K - a +4 dire flail of protection
Missiles
 n - 6 silver boomerangs
 w - 8 silver javelins
 y - 3 curare-tipped darts
 H - 7 boomerangs of dispersal
 N - 11 throwing nets
Armour
 i - +0 fire dragon scales
 l - a +0 cloak (worn)
 m - a +2 pair of boots (worn)
 F - the +5 Storm Queen's Shield (worn) {shock, Fly rElec}
   (You bought it in a shop on level 2 of the Orcish Mines)

   Shock:     When it blocks an attack, it may electrocute the attacker.
   This works even against foes who are a short distance away.
   rElec:     It insulates you from electricity.
   Fly:       It grants you flight.
 T - the +7 Kryia's mail coat (worn) {PotionHeal*2 rC+}
   (You found it on level 9 of the Dungeon)

   PotionHeal*2: Potions heal its wearer twice as much.
   rC:        It protects you from cold.
 V - a +2 pair of gloves (worn)
Jewellery
 c - a ring of resist corrosion
 k - a ring of positive energy
 v - an amulet of regeneration (around neck)
 z - a ring of protection from cold (left hand)
 A - a ring of protection from fire
 C - a ring of wizardry
 L - a ring of poison resistance (right hand)
 W - a ring of protection from fire
Wands
 e - a wand of charming (59)
 p - a wand of roots (22)
 q - a wand of flame (69)
 J - a wand of polymorph (11)
 S - a wand of mindburst (12)
Scrolls
 h - 4 scrolls of poison
 o - 8 scrolls of magic mapping
 G - 2 scrolls of silence
 P - 4 scrolls of fog
 R - a scroll of enchant weapon
 Y - 9 scrolls of enchant armour
 Z - 19 scrolls of identify
Potions
 d - a potion of might
 f - 14 potions of curing
 g - 4 potions of cancellation
 j - 7 potions of mutation
 r - 6 potions of attraction
 s - 8 potions of heal wounds
 u - 2 potions of invisibility
 x - 3 potions of resistance
 E - a potion of ambrosia
 O - 6 potions of lignification
Miscellaneous
 t - a lightning rod (4/4)
 D - a box of beasts
 I - a piece from Xom's chessboard (15/15)
 Q - a phial of floods


   Skills:
 - Level 18.0 Fighting
 - Level 18.7(20.5) Axes
 - Level 14.6(18.6) Maces & Flails
 - Level 12.0 Armour
 - Level 12.0 Shields
 - Level 10.0 Spellcasting
 + Level 15.6 Hexes
 - Level 8.2 Transmutations
 - Level 10.6 Earth Magic
 - Level 9.0 Evocations


You had 31 spell levels left.
You knew the following spells:

 Your Spells              Type           Power      Damage    Failure   Level
a - Beastly Appendage     Tmut           30%        N/A       1%          1
b - Wereblood             Tmut           15%        N/A       2%          2
l - Leda's Liquefaction   Hex/Erth       10%        N/A       1%          4
p - Passwall              Tmut/Erth      13%        N/A       1%          2

Your spell library contained the following spells:

 Spells                   Type           Power      Damage    Failure   Level
 Sandblast                Erth           36%        2d10      1%          1
 Slow                     Hex            100%       N/A       1%          1
 Confusing Touch          Hex            25%        N/A       1%          3
 Ensorcelled Hibernation  Hex/Ice        28%        N/A       2%          2
 Dazzling Flash           Conj/Hex       28%        N/A       4%          3
 Portal Projectile        Hex/Tloc       28%        N/A       4%          3
 Summon Guardian Golem    Hex/Summ       14%        N/A       4%          3
 Petrify                  Tmut/Erth      16%        N/A       9%          4
 Stone Arrow              Conj/Erth      20%        3d8       14%         3
 Anguish                  Hex/Necr       7%         N/A       17%         4
 Spider Form              Tmut/Pois      9%         N/A       22%         3
 Apportation              Tloc           6%         N/A       38%         1
 Necrotise                Necr           12%        1d4       38%         1
 Summon Small Mammal      Summ           12%        N/A       38%         1
 Cigotuvi's Dreadful Rot  Necr/Pois/Air  6%         N/A       52%         2
 Sublimation of Blood     Necr           3%         N/A       52%         2
 Call Canine Familiar     Summ           3%         N/A       77%         3
 Mephitic Cloud           Conj/Pois/Air  3%         N/A       77%         3
 Vampiric Draining        Necr           3%         2d6       77%         3
 Borgnjor's Vile Clutch   Necr/Erth      5%         N/A       78%         5
 Alistair's Intoxication  Tmut/Pois      6%         N/A       91%         5
 Irradiate                Conj/Tmut      4%         3d13      91%         5
 Dispel Undead            Necr           3%         3d7       99%         4
 Iskenderun's Mystic Bla  Conj/Tloc      3%         2d3       99%         4
 Agony                    Necr           3%         N/A       100%        5
 Arcjolt                  Conj/Air       1%         1d11      100%        5
 Death Channel            Necr           1%         N/A       100%        6
 Eringya's Noxious Bog    Tmut/Pois      4%         N/A       100%        6
 Starburst                Conj/Fire      1%         6d3       100%        6
 Summon Hydra             Summ           1%         N/A       100%        7
 Maxwell's Capacitive Co  Air            1%         ∞         100%        8
 Swiftness                Air            Unusable   N/A       N/A         3
 Vhi's Electric Charge    Tloc/Air       Unusable   N/A       N/A         3

Dungeon Overview and Level Annotations

Branches:
Dungeon (15/15)            Temple (1/1) D:6            Lair (5/5) D:8
 Shoals (4/4) Lair:3        Snake (4/4) Lair:3        Slime (0/5) Lair:4
    Orc (2/2) D:10            Elf (2/3) Orc:2        Vaults (0/5) D:14
 Depths (1/4) D:15

Altars:
Ashenzari
Cheibriados
Dithmenos
Elyvilon
Fedhas
Gozag
Hepliaklqana
Kikubaaqudgha
Makhleb
Nemelex Xobeh
Okawaru
Qazlal
Ru
Sif Muna
Trog
Uskayaw
Vehumet
Wu Jian
Xom
Yredelemnul
Zin
The Shining One
Jiyva

Shops:
D:2 (   D:13 [   Orc:2 (:[*   Elf:1 *   Shoals:2 :   Shoals:3 (   Shoals:4 [

Portals:
Hell: Depths:1
Trove: D:12 (give horn of Geryon)

Annotations:
D:4 2 transporters, middlethird's ghost, weakling VSTm
D:15 3 runed translucent doors, Temeik's ghost, amateur FoFi


Innate Abilities, Weirdness & Mutations

You cannot be hasted, slowed, berserked, paralysed or teleported.
You can dig through walls and to a lower floor.
You have a pair of large antennae on your head. (SInv)
Your four strong arms can wield two-handed weapons with a shield.


Message History

You slice the fire giant!!
A brown ugly thing comes into view.
The fire giant attacks as you move away!
The fire giant hits you but does no damage.
Your primal bloodlust has ended.
The fire giant attacks as you move away!
The fire giant hits you but does no damage.
Found a scale mail.
The fire giant gestures at you while chanting.
The bolt of fire misses you.
You hear a horrible gurgling sound!
You hear a horrible gurgling sound! x2; You hear a shout!
A green ugly thing comes into view.
The green ugly thing gurgles horribly!
A flayed ghost comes into view.
The fire giant casts a spell at you. The bolt of fire hits you!!!
A stone giant comes into view.
A green very ugly thing comes into view.
A green very ugly thing comes into view.
The fire giant points at you and mumbles some strange words.
The fireball explodes!
The fireball engulfs you!!!
* * * LOW HITPOINT WARNING * * *
The green ugly thing basks in the mutagenic energy from its kin and changes!
You spin and attack the green very ugly thing.
You completely miss the green very ugly thing.
A stone giant comes into view. x2
The stone giant throws a large rock.
You block the large rock.
You block the green very ugly thing's attack.
You see here a +0 scale mail.
You spin and attack the green very ugly thing.
You closely miss the green very ugly thing.
The flayed ghost cries, "Suffer as I suffered!"
Terrible wounds open up all over your body!
* * * LOW HITPOINT WARNING * * *
The green very ugly thing misses you.
The green very ugly thing attacks as you move away!
The green very ugly thing pecks you but does no damage.
The stone giant throws a large rock.
The large rock hits you!
You die...

,,,,,,,,,,,,,,,,,,,,,,,,,,,,*****
,,,,,,,,,..............C..,,*
,,,,>,,,,.................,,*****
,,,,,,,,,........C.......,,,,,,,,
,*********#.............,,,,,,,,,
,****** #......C....#**********
,,,,,,****#........u..###########
,,,,,,,,,8#......Wu...C........).
,,,,,,****#.....@.u.C.u.C........
,****** #.########..###########
,**********,*******#..#**********
,,,,,,,,,,,,,,,,,,......,,,,,,,,,
,,,,,,,,,,,,,,,,,........,,,,,,,,
************,,**##########***,,**
*,,* *,,*
************,,***************,,**
,,,,,,,,,,,,,,,,,,,,,,,,>,,,,,,,,


You could see 2 very ugly things, a fire giant, 4 stone giants, 2 ugly things
and a flayed ghost.

Vanquished Creatures
  Jorgrun (D:12)
  Mlioglotl (Snake:1)
  A deep elf blademaster (Elf:2)
  Frances (Snake:1)
  2 nagarajas (Snake:4)
  A frost giant (Depths:2)
  3 fire giants (Depths:1)
  Aizul (Snake:4)
  An orc warlord (Orc:2)
  2 very ugly things (Depths:1)
  4 stone giants (Depths:1)
  A vampire knight (Depths:1)
  Nessos (Lair:3)
  The ghost of Rassupn the Cleaver, a journeyman MeBe of Trog (D:11)
  3 deep elf annihilators (Elf:1)
  A deep elf death mage (Elf:1)
  A merfolk javelineer (Shoals:1)
  An ettin (D:15)
  7 merfolk impalers
  3 fire dragons
  A deep elf high priest (Elf:2)
  Harold (Orc:1)
  A great orb of eyes (D:12)
  6 vault guards
  9 hydras
  2 catoblepae
  2 salamander tyrants (Snake:4)
  2 ice dragons
  A spriggan air mage (Depths:1)
  4 boulder beetles
  6 merfolk aquamancers
  22 dancing weapons
  18 anacondas
  2 alligator snapping turtles
  9 centaur warriors
  2 two-headed ogres
  2 satyrs
  6 naga warriors
  11 death yaks
  A deep troll earth mage (Depths:1)
  3 merfolk avatars
  A vampire mage (Depths:1)
  A deep troll shaman (Depths:1)
  Urug (Lair:1)
  2 orc high priests
  10 shock serpents
  11 naga sharpshooters
  5 hell knights
  A spriggan berserker (Depths:1)
  Nergalle (Lair:3)
  10 deep elf knights
  4 sun demons
  5 salamander mystics (Snake:4)
  A skeletal warrior (D:12)
  3 skysharks
  9 deep trolls
  An iron troll (Depths:1)
  19 sea snakes
  8 deep elf archers
  8 naga ritualists
  4 lindwurms
  17 mana vipers
  17 deep elf zephyrmancers
  7 orc knights
  25 harpies
  27 deep elf pyromancers
  3 wizards
  2 necromancers (Depths:2)
  2 ugly things (Depths:1)
  3 oklob plants
  11 manticores
  4 orc sorcerers
  14 cyclopes
  15 elephants
  9 fauns
  12 salamanders
  A torpor snail (Lair:3)
  45 black mambas
  19 slime creatures
  10 merfolk sirens
  16 naga magi
  10 water nymphs
  6 guardian serpents (Snake:4)
  A smoke demon (Depths:1)
  4 rime drakes
  3 unseen horrors
  9 cane toads
  Psyche (D:11)
  12 komodo dragons
  2 tengu conjurers (D:15)
  26 merfolk
  A queen bee (D:15)
  A troll (shapeshifter) (D:15)
  7 polar bears
  6 wind drakes
  3 meliai (D:15)
  8 trolls
  10 hornets
  3 blink frogs (Lair:2)
  22 dream sheep
  7 snapping turtles
  14 spriggans
  Sigmund (D:2)
  14 water elementals
  4 wraiths
  2 shadows
  4 wyverns
  57 yaks
  3 fire elementals (Elf:1)
  3 basilisks
  An unseen horror simulacrum (D:9)
  Grum (D:8)
  A steam dragon (D:7)
  5 vampire mosquitoes (D:11)
  Edmund (D:6)
  14 water moccasins
  6 wargs
  3 acid dragons
  34 nagas
  A swamp drake (shapeshifter) (D:12)
  Pargi (D:3)
  5 black bears
  2 ice beasts
  A sky beast (D:7)
  36 orc warriors
  5 boggarts (Lair:5)
  31 wolves
  9 ogres
  17 centaurs
  2 phantoms (D:5)
  7 kobold brigands
  Blork the orc (Orc:2)
  14 bullfrogs
  9 gnoll sergeants
  5 earth elementals
  3 scorpions
  12 wights
  25 killer bees
  6 howler monkeys
  A vampire bat (D:10)
  5 electric eels
  5 hounds
  2 gnoll boudas
  20 orc priests
  6 jellies
  A sleepcap (D:6)
  Jessica (D:3)
  An iguana (D:6)
  23 orc wizards
  32 gnolls
  6 adders
  4 shadow imps
  5 white imps
  A howler monkey simulacrum (D:9)
  6 ufetubi
  A worm (D:3)
  2 dart slugs (D:2)
  93 orcs
  12 ball pythons
  A bat skeleton (D:10)
  4 bat zombies (D:10)
  6 endoplasms
  3 giant cockroaches
  4 goblins
  11 hobgoblins
  11 jackals (D:3)
  6 quokkas
  7 bats
  7 frilled lizards
  6 kobolds
  6 rats
  2 butterflies (Lair:2)
1315 creatures vanquished.

Vanquished Creatures (collateral kills)
  A hydra (Lair:4)
1 creature vanquished.

Vanquished Creatures (others)
  A wizard (Depths:1)
  A deep elf pyromancer (Elf:2)
  A black mamba (Snake:2)
  A komodo dragon (Lair:5)
  A tengu conjurer (Depths:1)
5 creatures vanquished.

Grand Total: 1321 creatures vanquished

Notes
Turn   | Place    | Note
-------+----------+-------------------------------------------
     0 | D:1      | VictoriousLee the Formicid Fighter began the quest for the
                  | Orb.
     0 | D:1      | Reached XP level 1. HP: 18/18 MP: 1/1
   186 | D:1      | Reached XP level 2. HP: 24/24 MP: 2/2
   473 | D:1      | Reached XP level 3. HP: 29/29 MP: 3/3
   710 | D:1      | Learned a level 1 spell: Beastly Appendage
  1177 | D:2      | Noticed Sigmund
  1189 | D:2      | Killed Sigmund
  1190 | D:2      | Reached skill level 5 in Axes
  1190 | D:2      | Reached XP level 4. HP: 12/35 MP: 4/4
  1190 | D:2      | Reached XP level 5. HP: 14/41 MP: 5/5
  1190 | D:2      | Reached XP level 6. HP: 16/47 MP: 6/6
  1313 | D:2      | Found Xagupl Jeemm's Weapon Shoppe.
  1890 | D:3      | Noticed Jessica
  1909 | D:3      | Killed Jessica
  1948 | D:3      | Noticed Pargi
  1969 | D:3      | Killed Pargi
  2045 | D:3      | Reached XP level 7. HP: 50/52 MP: 7/7
  2542 | D:3      | Found a faded altar of an unknown god.
  2770 | D:4      | Found a transporter.
  2775 | D:4      | Noticed middlethird's ghost (weakling VSTm)
  2894 | D:4      | Found a transporter.
  2985 | D:4      | Identified the +8 short sword "Taet" {venom, rElec Str+4}
  3243 | D:5      | Entered Level 5 of the Dungeon
  3243 | D:5      | Found a radiant altar of Vehumet.
  3387 | D:5      | Found a glowing silver altar of Zin.
  3527 | D:5      | Reached XP level 8. HP: 58/58 MP: 8/8
  4040 | D:6      | Found a staircase to the Ecumenical Temple.
  4052 | Temple   | Entered the Ecumenical Temple
  4270 | D:6      | Noticed Edmund
  4291 | D:6      | Killed Edmund
  4292 | D:6      | Reached skill level 10 in Axes
  4570 | D:6      | Reached XP level 9. HP: 31/64 MP: 9/9
  5047 | D:6      | Reached skill level 5 in Fighting
  5226 | Temple   | Became a worshipper of the Wu Jian Council
  5472 | D:7      | Reached skill level 5 in Armour
  5564 | D:6      | Reached skill level 1 in Maces & Flails
  5611 | D:7      | Found a glowing silver altar of Zin.
  5753 | D:7      | Reached XP level 10. HP: 78/79 MP: 10/10
  5818 | D:7      | Found a stormy altar of Qazlal.
  5984 | D:8      | Reached * piety under Wu Jian
  6008 | D:8      | Noticed Grum
  6029 | D:8      | Killed Grum
  6140 | D:8      | Found a staircase to the Lair.
  6179 | D:8      | Reached skill level 5 in Maces & Flails
  6915 | D:9      | Found the +7 Kryia's mail coat {PotionHeal*2 rC+}
  7039 | D:9      | Reached ** piety under Wu Jian
  7197 | D:9      | Reached XP level 11. HP: 60/87 MP: 11/11
  7730 | D:9      | Found a blossoming altar of Fedhas.
  8114 | Lair:1   | Entered Level 1 of the Lair of Beasts
  8227 | Lair:1   | Reached *** piety under Wu Jian
  8232 | Lair:1   | Reached skill level 10 in Maces & Flails
  8362 | Lair:1   | Noticed a boulder beetle
  8377 | Lair:1   | Killed a boulder beetle
  8417 | Lair:1   | Noticed Urug
  8439 | Lair:1   | Killed Urug
  8644 | Lair:1   | Reached XP level 12. HP: 92/94 MP: 12/12
  8973 | Lair:2   | Noticed a death yak
  8974 | Lair:2   | Noticed a death yak
  8975 | Lair:2   | Noticed a death yak
  8979 | Lair:2   | Noticed a death yak
  8980 | Lair:2   | Noticed a death yak
  8980 | Lair:2   | Noticed a death yak
  9013 | Lair:1   | Killed a death yak
  9502 | Lair:2   | Reached **** piety under Wu Jian
  9596 | Lair:2   | Found a blossoming altar of Fedhas.
  9754 | Lair:2   | Killed a death yak
  9759 | Lair:2   | Killed a death yak
  9766 | Lair:2   | Killed a death yak
  9775 | Lair:2   | Killed a death yak
  9786 | Lair:2   | Killed a death yak
 10160 | Lair:3   | Noticed Nessos
 10176 | Lair:3   | Killed Nessos
 10177 | Lair:3   | Reached XP level 13. HP: 53/102 MP: 13/13
 10199 | Lair:3   | Reached skill level 10 in Fighting
 10341 | Lair:3   | Reached skill level 5 in Shields
 10436 | Lair:3   | Found a staircase to the Snake Pit.
 10503 | Lair:3   | Identified the +7 leather armour "Vigufegi" {Fly rF+}
 10581 | Lair:3   | Found a staircase to the Shoals.
 10627 | Lair:3   | Noticed Nergalle
 10650 | Lair:3   | Killed Nergalle
 10651 | Lair:3   | Reached skill level 1 in Evocations
 10782 | Lair:3   | Found a runed translucent door.
 10785 | Lair:3   | Noticed a six-headed hydra
 10793 | Lair:3   | Killed a six-headed hydra
 11097 | Lair:4   | Found a viscous altar of Jiyva.
 11097 | Lair:4   | Found a staircase to the Slime Pits.
 11233 | Lair:4   | Noticed an eight-headed hydra
 11243 | Lair:4   | Killed an eight-headed hydra
 11249 | Lair:4   | Reached skill level 5 in Evocations
 11285 | Lair:4   | Noticed a six-headed hydra
 11300 | Lair:4   | Killed a six-headed hydra
 11336 | Lair:4   | Reached ***** piety under Wu Jian
 11517 | Lair:4   | Reached XP level 14. HP: 87/110 MP: 14/14
 11627 | Lair:4   | You fall into a shaft and drop 1 floor!
 11627 | Lair:5   | Entered Level 5 of the Lair of Beasts
 11847 | Lair:5   | Reached skill level 10 in Armour
 12142 | Lair:5   | Reached skill level 10 in Shields
 12198 | Lair:5   | Identified a scroll of acquirement
 12200 | Lair:5   | Acquired a +3 executioner's axe of flaming
 12673 | Lair:5   | Reached ****** piety under Wu Jian
 12674 | Lair:5   | Reached XP level 15. HP: 100/115 MP: 15/15
 12695 | Lair:5   | Acquired a manual of Fighting
 12805 | Lair:5   | Identified the ring of Diycs {Str+6 Int+3}
 13256 | D:10     | Entered Level 10 of the Dungeon
 13856 | D:10     | Found an ancient bone altar of Kikubaaqudgha.
 13926 | D:10     | Found a staircase to the Orcish Mines.
 14043 | D:11     | Noticed Psyche
 14049 | D:11     | Killed Psyche
 14226 | D:11     | Found a runed translucent door.
 14226 | D:11     | Noticed Rassupn's ghost (journeyman MeBe)
 14244 | D:11     | Killed Rassupn's ghost
 14838 | D:12     | Noticed Jorgrun
 14857 | D:12     | Killed Jorgrun
 15370 | D:12     | Found a portal to a secret trove of treasure.
 15494 | D:12     | Reached skill level 15 in Axes
 15916 | D:13     | Found Xaty's Antique Armour Shop.
 16580 | D:13     | Reached XP level 16. HP: 84/100 MP: 16/16
 16895 | D:14     | Found a gate to the Vaults.
 17846 | D:15     | Entered Level 15 of the Dungeon
 18035 | D:15     | Found a runed translucent gate.
 18035 | D:15     | Found a runed translucent gate.
 18035 | D:15     | Found a runed translucent gate.
 18036 | D:15     | Noticed Temeik's ghost (amateur FoFi)
 18152 | D:15     | Found a staircase to the Depths.
 19122 | Orc:1    | Entered Level 1 of the Orcish Mines
 19282 | Orc:2    | Entered Level 2 of the Orcish Mines
 19409 | Orc:2    | Noticed Blork the orc
 19415 | Orc:2    | Killed Blork the orc
 19527 | Orc:2    | Found a staircase to the Elven Halls.
 19605 | Orc:2    | Found Ucwaewak's Antique Armour Boutique.
 19671 | Orc:2    | Found Targhy's Antique Weapon Boutique.
 19688 | Orc:2    | Found Foerr's Book Boutique.
 19703 | Orc:2    | Found Epeably's General Store.
 20144 | Orc:2    | Bought the +5 Storm Queen's Shield {shock, Fly rElec} for
                  | 1687 gold pieces
 20144 | Orc:2    | Found the +5 Storm Queen's Shield {shock, Fly rElec}
 20192 | Orc:1    | Noticed Harold
 20201 | Orc:1    | Killed Harold
 20600 | Elf:1    | Entered Level 1 of the Elven Halls
 20650 | Elf:1    | Identified the +9 glaive "Poejil" {holy, *Corrode Will+++
                  | Str+3 Stlth-}
 20730 | Elf:1    | Reached XP level 17. HP: 121/132 MP: 17/17
 21082 | Elf:1    | Reached skill level 15 in Fighting
 21209 | Elf:1    | Got Sif Muna's Verses on Striking
 21289 | Elf:1    | Found Deehaimm's General Store.
 22671 | Elf:2    | Found a huge runed translucent gate.
 22671 | Elf:2    | Found a huge runed translucent gate.
 22671 | Elf:2    | Found a huge runed translucent gate.
 22671 | Elf:2    | Found a huge runed translucent gate.
 22671 | Elf:2    | Found a huge runed translucent gate.
 22823 | Elf:2    | Reached XP level 18. HP: 93/156 MP: 18/18
 23030 | Elf:2    | Noticed a deep elf blademaster
 23044 | Elf:2    | Killed a deep elf blademaster
 23482 | D:8      | Learned a level 2 spell: Passwall
 23559 | Shoals:1 | Entered Level 1 of the Shoals
 23575 | Shoals:1 | Reached skill level 1 in Transmutations
 23692 | Shoals:1 | Found a broken altar of Ashenzari.
 24006 | Shoals:1 | Reached skill level 5 in Transmutations
 24372 | Shoals:2 | Found Siallugg's Book Shoppe.
 24579 | Shoals:2 | Learned a level 2 spell: Wereblood
 24696 | Shoals:2 | Reached skill level 1 in Spellcasting
 24930 | Shoals:3 | Found Hytremaw's Firing Range.
 25107 | Shoals:3 | Reached skill level 5 in Spellcasting
 25262 | Shoals:3 | Found a runed translucent door.
 25325 | Shoals:3 | Acquired the +7 battleaxe "Vesch" {holy, rF+++ rC- Will-
                  | Int+5}
 25471 | Shoals:4 | Entered Level 4 of the Shoals
 25485 | Shoals:4 | Reached XP level 19. HP: 162/162 MP: 28/28
 25825 | Shoals:4 | Identified the staff of fire "Hiygy" {rF+ rN+}
 25941 | Shoals:4 | Got a barnacled rune of Zot
 26044 | Shoals:4 | Reached skill level 10 in Spellcasting
 26090 | Shoals:4 | Reached skill level 1 in Earth Magic
 26132 | Shoals:4 | Found John Lambton's Dragon-Slaying Spoils.
 26384 | Snake:1  | Entered Level 1 of the Snake Pit
 26553 | Orc:2    | Bought the +8 lance "Wyrmbane" {slay drac, rPois rF+ rC+
                  | AC+3} for 2262 gold pieces
 26553 | Orc:2    | Found the +8 lance "Wyrmbane" {slay drac, rPois rF+ rC+
                  | AC+3}
 26891 | Snake:1  | Reached skill level 5 in Earth Magic
 27227 | Snake:1  | Noticed Mlioglotl
 27231 | Snake:1  | Killed Mlioglotl
 27289 | Snake:1  | Noticed Frances
 27311 | Snake:1  | Killed Frances
 27403 | Snake:1  | Found an ancient bone altar of Kikubaaqudgha.
 28084 | Snake:1  | Learned a level 4 spell: Leda's Liquefaction
 28396 | Snake:2  | Reached skill level 10 in Earth Magic
 28468 | Snake:2  | Reached XP level 20. HP: 150/166 MP: 34/34
 28504 | Snake:2  | Reached skill level 1 in Hexes
 28947 | Snake:3  | Reached skill level 5 in Hexes
 28952 | Snake:3  | Identified the +1 robe of Surprise {+Inv Regen+ Int+3}
 29584 | Snake:4  | Entered Level 4 of the Snake Pit
 29652 | Snake:4  | Noticed Aizul
 29662 | Snake:4  | Killed Aizul
 29776 | Snake:4  | Identified the +9 spear of Fate {flame, rElec Dex+2}
 30199 | Snake:4  | Reached skill level 10 in Hexes
 30997 | Snake:4  | Got a serpentine rune of Zot
 31429 | Depths:1 | Entered Level 1 of the Depths
 31491 | Depths:1 | Reached XP level 21. HP: 89/176 MP: 35/35
 31856 | Depths:1 | Identified the +2 scale mail of the Arcane {*Corrode Fly
                  | rN+++ Int-5}
 32010 | Depths:1 | Identified the +1 demon whip of Starshine {drain, Fly}
 32254 | Depths:1 | Reached skill level 15 in Hexes
 32258 | Depths:1 | Found a gateway to Hell.
 32404 | Depths:1 | Found a hide-covered altar of Uskayaw.
 32479 | Depths:1 | You are sucked into a shaft and drop 1 floor!
 32549 | Depths:2 | Hit by a large rock thrown by a stone giant

Illustrated notes

Levels and vault maps discovered:
D:1:      dpeg_arrival_rhombus, layout_basic, minmay_cut_off
D:2:      layout_basic, serial_shops, nicolae_shop_advertising_works
          [nicolae_subvault_shop_adworks], uniq_sigmund
D:3:      layout_loops_ring, hellmonk_ecumenical_altar_arch_garden,
          uniq_jessica, uniq_pargi
D:4:      layout_cave_pools, gammafunk_ghost_mausoleum, minmay_hedge_maze,
          minivault_11
D:5:      layout_gridville, hangedman_feature_mirror
D:6:      layout_loops_corners, minmay_temple_entry_statues_fountains,
          serial_demonic, serial_demonic_f, serial_demonic_a, serial_demonic_b,
          serial_demonic_f, serial_demonic_f, serial_demonic_a,
          serial_demonic_c, serial_bayou_pond_d, serial_park_tiny_pond,
          uniq_edmund
D:7:      layout_rooms, mainiacjoe_overflow_small_starburst,
          mainiacjoe_overflow_alcove_4
D:8:      layout_basic, erik_lair_orcish_takeover, palyth_stone_intersect,
          chequers_serial_rivers_small_a, uniq_grum
D:9:      layout_long_grid, lemuel_round_altar, serial_ice, serial_ice_o,
          serial_ice_l, serial_ice_h, serial_ice_m
D:10:     layout_small_grid, kennysheep_vampire_church,
          kennysheep_orc_monster_closet_entryway
D:11:     layout_roguey, gammafunk_ghost_grave, uniq_psyche
D:12:     hangedman_arrow_trap, layout_basic, enter_trove_5, uniq_jorgrun
D:13:     layout_basic, serial_shops, nicolae_shop_tiny_waterfront
D:14:     layout_long_grid, david_vaults_4, serial_bayou_ford_a
D:15:     hangedman_depths_entry_civil_slaughter, layout_loops_ring,
          gammafunk_ghost_tricky_traps, hangedman_decor_clover_reticule,
          special_room [special_room_bee], minivault_26
Temple:   regret_index_temple_chain_breaker
Lair:1:   layout_chaotic_city, nzn_sisyphean_effort, grunt_megastairs_5,
          uniq_urug
Lair:2:   layout_gridlike, hangedman_tree_tricks, lemuel_old_faithful,
          lemuel_fruit_fields
Lair:3:   layout_roguey, elwin_shoals_entry_rooms,
          minmay_snake_entry_guardpost_small, serial_bayou_pond_a,
          pf_torpor_hydra, serial_bayou_shore_a, uniq_nergalle, uniq_nessos
Lair:4:   layout_misc_corridors, nicolae_slime_entry_field_trip,
          lemuel_fruit_tree
Lair:5:   minmay_lair_end_enchanted_forest, layout_concentric_octagons
Shoals:1: layout_shoals, lemuel_altar_in_water, centaur_isle
Shoals:2: layout_shoals, serial_shops, nicolae_shop_rolling_square,
          nicolae_shoals_sun_and_surf
Shoals:3: nicolae_shoals_offshore_bank_account, layout_shoals,
          nicolae_shoals_circle_sea_wall, nicolae_shop_firing_range
Shoals:4: shoals_end_hangedman, layout_shoals, nicolae_shop_dragon_depot
Snake:1:  layout_grid_maze, basic_altar, uniq_mlioglotl, uniq_frances
Snake:2:  layout_rooms, hangedman_snake_corridor_cut
Snake:3:  layout_misc_corridors, serial_bayou_shore_b, nicolae_integral_box
Snake:4:  snake_pit_salamanders_mu, layout_basic, uniq_aizul
Orc:1:    layout_caves, uniq_harold
Orc:2:    grunt_orc_cross, layout_caves, hellmonk_bongcloud_opening
Elf:1:    layout_geoelf_diagonals, serial_shops, shop, minmay_elf_sorcery,
          grunt_megastairs_4
Elf:2:    elven_hall_of_blades_hangedman_alternative [nicolae_blade_bullseye],
          layout_geoelf_diagonals, nicolae_elf_vaults_five_recruitment_drive
Depths:1: layout_roguey, enter_ziggurat_b, hellmouth_1,
          wad_floor_pattern_untrapped, serial_rivers,
          chequers_serial_rivers_micro_c, chequers_serial_rivers_room_b,
          chequers_serial_rivers_large_a, chequers_serial_rivers_micro_e,
          nicolae_uskayaw_en_pointe
Depths:2: minmay_the_grid_triangle_9x9_rhombus_thin_mashed
          [minmay_the_grid_triangle_9x9_intruding_spiral,
          minmay_the_grid_triangle_9x9_prize_top_heavy,
          minmay_the_grid_triangle_9x9_pentomino_pain,
          minmay_the_grid_triangle_9x9_cache], layout_long_grid,
          rand_demon_pan_entry_7, hell_entry, chequers_jeans,
          lemuel_flamethrower_3

Skill      XL: |  1  2  3  4  5  6  7  8  9 10 11 12 13 14 15 16 17 18 19 20 21 |
---------------+----------------------------------------------------------------+-----
Axes           | 3 5 6 8 10 12 16 18 | 18.7
Fighting       | 7 8 9 10 12 17 18 | 18.0
Armour         | 5 6 9 11 12 | 12.0
Maces & Flails | 2 8 12 14 | 14.6
Shields        | 7 10 11 12 | 12.0
Evocations     | 8 9 |  9.0
Transmutations | 8 |  8.2
Spellcasting   | 6 10 | 10.0
Earth Magic    | 10 | 10.6
Hexes          | 13 15 | 15.6

Action                     |  1- 3 |  4- 6 |  7- 9 | 10-12 | 13-15 | 16-18 | 19-21 || total
---------------------------+-------+-------+-------+-------+-------+-------+-------++-------
  Melee: War axe           |   104 |    83 |    62 |       |       |       |       ||   249
         Demon trident     |       |       |    49 |       |       |       |       ||    49
         Short sword       |       |       |   164 |       |       |       |       ||   164
         Dire flail        |       |       |   128 |   638 |  1476 |    28 |       ||  2270
         Executioner's axe |       |       |       |       |       |   693 |    12 ||   705
         Battleaxe         |       |       |       |       |       |   384 |  1066 ||  1450
         Lance             |       |       |       |       |       |       |    26 ||    26
   Cast: Wereblood         |       |       |       |       |       |     4 |    17 ||    21
         Leda's Liquefacti |       |       |       |       |       |       |     4 ||     4
 Invoke: Heavenly Storm    |       |       |       |       |       |     1 |       ||     1
         Serpent's Lash    |       |       |       |       |       |       |     1 ||     1
Ability: Dig               |     1 |       |     2 |     1 |     7 |     3 |     8 ||    22
         Lunge             |       |       |     7 |    36 |    52 |    95 |    74 ||   264
         Whirlwind         |       |       |       |    12 |    98 |    30 |    40 ||   180
         Wall Jump         |       |       |       |       |     1 |     2 |     1 ||     4
  Evoke: Wand              |       |       |     1 |       |    12 |     5 |     2 ||    20
         Piece from Xom's  |       |       |       |       |     1 |       |       ||     1
    Use: Potion            |     1 |       |     1 |     3 |     2 |     6 |     4 ||    17
         Scroll            |       |     4 |     5 |    10 |    12 |     3 |     2 ||    36
   Stab: Distracted        |       |       |       |       |     1 |       |       ||     1
         Invisible         |       |       |       |       |       |     1 |       ||     1
 Armour: Scale mail        |    51 |    16 |       |   168 |   671 |   377 |   349 ||  1632
         Chain mail        |       |    28 |   137 |    27 |       |       |       ||   192
         Plate armour      |       |       |       |    35 |       |       |       ||    35
  Dodge: Dodged            |    66 |    33 |    98 |   117 |   321 |   258 |   180 ||  1073
  Block: Buckler           |    27 |    30 |    10 |       |       |       |       ||    67
         Kite shield       |       |       |   137 |   195 |   573 |   739 |   668 ||  2312
